 Dungeon Crawl Stone Soup version 0.29.1-13-g9f3cf754e1 (webtiles) character file.

Game seed: 12210928660554664681

29 shadowmeld the Conjurer (level 3, -3/26 HPs)
             Began as a Draconian Conjurer on Jan 28, 2023.
             Slain by Terence
             ... wielding a +3 short sword of protection
              (4 damage)
             ... on level 2 of the Dungeon.
             The game lasted 00:11:06 (1802 turns).

shadowmeld the Conjurer (Draconian Conjurer)        Turns: 1802, Time: 00:11:08

Health: -3/26      AC:  5    Str:  9    XL:     3   Next: 1%
Magic:  5/6        EV: 12    Int: 20    God:
Gold:   55         SH:  0    Dex:  9    Spells: 4/7 levels left

rFire   . . .      SeeInvis .   d - +0 short sword
rCold   . . .      Faith    .   (no shield)
rNeg    . . .      Spirit   .   (body armour unavailable)
rPois   .          Reflect  .   (helmet restricted)
rElec   .          Harm     .   (no cloak)
rCorr   .          Rampage  .   (no gloves)
Will    .....                   (no boots)
Stlth   ++........              (no amulet)
HPRegen 0.08/turn               (no ring)
MPRegen 0.10/turn               (no ring)

@: no status effects
A: AC +5, unfitting armour, cold-blooded
a: no special abilities


You were on level 2 of the Dungeon.
You visited 1 branch of the dungeon, and saw 2 of its levels.

You collected 55 gold pieces.

Inventory:

Hand Weapons
 d - a +0 short sword (weapon)
Missiles
 c - 5 atropa-tipped darts
 g - 12 stones
Scrolls
 b - a scroll of summoning {unknown}
 e - a scroll of fear {unknown}
 f - a scroll of blinking {unknown}
 i - 2 scrolls of vulnerability {unknown}
Potions
 h - a potion of mutation {unknown}
 j - a potion of flight {unknown}
 k - 2 potions of curing {unknown}
 l - a potion of haste {unknown}


   Skills:
 * Level 2.5 Dodging
 - Level 1.7 Stealth
 * Level 2.5 Spellcasting
 - Level 4.1 Conjurations


You had 4 spell levels left.
You knew the following spells:

 Your Spells              Type           Power      Damage    Failure   Level
a - Magic Dart            Conj           76%        1d6       2%          1
b - Searing Ray           Conj           38%        2d5       4%          2

Your spell library contained the following spells:

 Spells                   Type           Power      Damage    Failure   Level
 Dazzling Flash           Conj/Hex       20%        N/A       19%         3
 Fulminant Prism          Conj/Hex       5%         3d7       54%         4
 Iskenderun's Mystic Bla  Conj/Tloc      10%        2d4       54%         4
 Starburst                Conj/Fire      5%         6d4       100%        6
 Malign Gateway           Summ/Tloc      1%         N/A       100%        7
 Summon Horrible Things   Summ           1%         N/A       100%        8


Dungeon Overview and Level Annotations

Branches:
Dungeon (2/15)

Altars:

Annotations:
D:2 Sigmund, Terence


Innate Abilities, Weirdness & Mutations

Your plain brown scales are hard. (AC +5)
You cannot fit into any form of body armour.
You are cold-blooded and may be slowed by cold attacks.


Message History

Confirm with . or Enter, or press ? or * to list all spells.
Aiming: Magic Dart (safe; 2% risk of failure)
Press: ? - help, Shift-Dir - straight line, f/p - Terence
Aim: Terence, wielding a +3 short sword of protection and wearing a +0 scale mail (moderately wounded, 100% to hit)
The magic dart hits Terence but does no damage.
Terence is moderately wounded.
Terence hits you with a +3 short sword of protection.
You barely miss Terence.
Terence is moderately wounded.
Terence barely misses you. Terence closely misses you.
You hit Terence.
Terence is moderately wounded.
Terence hits you with a +3 short sword of protection.
You barely miss Terence. You punch Terence, but do no damage.
Terence is moderately wounded.
Terence hits you with a +3 short sword of protection.
Terence hits you with a +3 short sword of protection.
Terence attacks as you move away! Terence misses you.
Magic courses through your body. Terence completely misses you.
Casting: Magic Dart (safe; 2% risk of failure)
Confirm with . or Enter, or press ? or * to list all spells.
Aiming: Magic Dart (safe; 2% risk of failure)
Press: ? - help, Shift-Dir - straight line, f/p - Terence
Aim: Terence, wielding a +3 short sword of protection and wearing a +0 scale mail (moderately wounded, 100% to hit)
The magic dart hits Terence.
Terence is heavily wounded.
Terence hits you with a +3 short sword of protection!
* * * LOW HITPOINT WARNING * * *
Terence attacks as you move away!
Terence hits you with a +3 short sword of protection.
* * * LOW HITPOINT WARNING * * *
Casting: Magic Dart (safe; 2% risk of failure)
Confirm with . or Enter, or press ? or * to list all spells.
Aiming: Magic Dart (safe; 2% risk of failure)
Press: ? - help, Shift-Dir - straight line, f/p - Terence
Aim: Terence, wielding a +3 short sword of protection and wearing a +0 scale mail (heavily wounded, 100% to hit)
The magic dart hits Terence but does no damage.
Terence is heavily wounded.
Terence hits you with a +3 short sword of protection.
You die...

#.........####.####
#.##.####..
#.#.#.........†...#
#..........
..#.#.....####.##.#
#####.###..
###.####### #....##.#
#.# ##. ###.#
#.......# ... ##
....# ##.###### #...#
# #.#############.##
#...# ..#
.............#######
#.... ..#
........###@@......#
#...# ..# ........#
#..####... ..#
).....).......#
####........##.#..#.#
...#<.......##.#.....
...#..............#.#
...###########.##.#.#
...# #.##.#.# ####
###.##.#.# .


You could see Terence.

Vanquished Creatures
  A gnoll (D:1)
  A ball python (D:1)
  An endoplasm (D:1)
  A giant cockroach (D:1)
  3 goblins (D:2)
  2 hobgoblins
  3 jackals (D:2)
  A kobold (D:1)
  A quokka (D:1)
  2 rats (D:1)
16 creatures vanquished.

Notes
Turn   | Place    | Note
-------+----------+-------------------------------------------
     0 | D:1      | shadowmeld the Draconian Conjurer began the quest for the
                  | Orb.
     0 | D:1      | Reached XP level 1. HP: 14/14 MP: 3/3
   604 | D:1      | Reached XP level 2. HP: 14/20 MP: 1/5
   791 | D:1      | Found a faded altar of an unknown god.
  1349 | D:2      | Noticed Sigmund
  1495 | D:2      | Learned a level 2 spell: Searing Ray
  1765 | D:2      | Reached XP level 3. HP: 26/26 MP: 4/6
  1785 | D:2      | Noticed Terence
  1801 | D:2      | HP: 1/26 [Terence/+3 short sword of protection (4)]
  1802 | D:2      | Slain by Terence

Illustrated notes

Levels and vault maps discovered:
D:1:      saegor_arrival_simple_c, layout_basic,
          hellmonk_ecumenical_altar_zigzags
D:2:      layout_loops_cross, kennysheep_generic_room_14, uniq_natasha,
          uniq_sigmund, uniq_terence

Skill      XL: |  1 |
---------------+----+-----
Dodging        | 2 |  2.5
Stealth        | |  1.7
Spellcasting   | |  2.5
Conjurations   | |  4.1

Action                   || total
-------------------------++-------
Melee: Short sword       ||    70
       Tailslap          ||     4
       Punch             ||     1
 Cast: Magic Dart        ||    21
       Searing Ray       ||     5
  Use: Potion            ||     1
 Stab: Sleeping          ||     2
Armor: Skin              ||    25
Dodge: Dodged            ||    60
